 Dungeon Crawl Stone Soup version 0.26-a0-812-g31a745ddcd (webtiles) character file.

Game seed: 17105796328960026212

108 kae the Conjurer (level 4, -2/28 HPs)
             Began as an Octopode Conjurer on Nov 24, 2020.
             Slain by a gnoll
             ... wielding a +0 halberd
              (9 damage)
             ... on level 3 of the Dungeon.
             The game lasted 00:02:33 (2901 turns).

kae the Conjurer (Octopode Conjurer)                Turns: 2901, Time: 00:02:33

Health: -2/28      AC:  1    Str: 12    XL:     4   Next: 87%
Magic:  1/8        EV: 13    Int: 21    God:
Gold:   115        SH:  0    Dex: 10    Spells: 3/9 levels left

rFire    . . .     SeeInvis .   (no weapon)
rCold    . . .     Faith    .   (no shield)
rNeg     . . .     Spirit   .   (helmet restricted)
rPois    .         Reflect  .   (no amulet)
rElec    .         Harm     .   a - +6 ring of strength
rCorr    .         Rampage  .   (no ring)
MR       .....                  (no ring)
Stlth    +++.......             (no ring)
HPRegen  0.09/turn              (no ring)
MPRegen  0.11/turn              (no ring)
                                (no ring)
                                (no ring)

@: no status effects
A: almost no armour, stealthy swim, amphibious, 8 rings, constrict 8, camouflage
1, gelatinous body 1
a: no special abilities


You were on level 3 of the Dungeon.
You visited 1 branch of the dungeon, and saw 3 of its levels.

You collected 115 gold pieces.

Inventory:

Jewellery
 a - a +6 ring of strength (left tentacle)
Wands
 e - a wand of flame (26)
Scrolls
 c - a scroll of enchant weapon
 d - a scroll of teleportation
 f - a scroll of fear {unknown}
 i - a scroll of magic mapping
 k - a scroll of remove curse
Potions
 b - a potion of curing
 g - a potion of magic {unknown}
 h - a potion of heal wounds {unknown}
 j - a potion of lignification {unknown}


   Skills:
 + Level 1.5 Fighting
 + Level 2.6 Dodging
 - Level 2.6 Stealth
 * Level 3.0 Spellcasting
 * Level 4.7 Conjurations


You had 3 spell levels left.
You knew the following spells:

 Your Spells              Type           Power        Failure   Level
a - Magic Dart            Conj           ###.         1%          1
b - Searing Ray           Conj           ###...       2%          2
c - Dazzling Flash        Conj/Hex       ##....       16%         3

Your spell library contained the following spells:

 Spells                   Type           Power        Failure   Level
 Fulminant Prism          Conj/Hex       ##........   45%         4
 Iskenderun's Mystic Bla  Conj/Tloc      ##......     45%         4


Dungeon Overview and Level Annotations

Branches:
Dungeon (3/15)

Altars:
Makhleb


Innate Abilities, Weirdness & Mutations

You cannot wear most types of armour.
You are very stealthy in the water. (Stealth+)
You are amphibious.
You can wear up to eight rings at the same time.
You can use your tentacles to constrict eight enemies at once.
Your skin changes colour to match your surroundings (Stealth+).
Your rubbery body absorbs attacks. (AC +1, EV +1)


Message History

The gnoll closely misses you.
Your magical contamination has completely faded away.
Casting: Magic Dart (safe; 1% risk of failure)
Confirm with . or Enter, or press ? or * to list all spells.
You don't have enough magic to cast that spell.
The gnoll misses you.
Things that are here:
a +0 club; a hobgoblin corpse You barely miss the gnoll.
Your grab misses the gnoll. Your squeeze misses the gnoll.
The gnoll is severely wounded.
The gnoll hits you with a +0 halberd.
You closely miss the gnoll. Your grab misses the gnoll.
The gnoll is severely wounded.
The gnoll hits you with a +0 halberd!
* * * LOW HITPOINT WARNING * * *
You closely miss the gnoll. You grab the gnoll.
The gnoll is severely wounded.
You constrict the gnoll. The gnoll hits you with a +0 halberd!
You die...

#............####....
#.#..............)..
..##................
.##.....†......###..
.##...........###
...†............##
###.####......#..#
..... #.##..###.# #
... ..#..#.## #@# .#
.# ... #g# ##.# .#..
#.####...# # #.#
#...gr.##
#..#####...###
#....g......#
........g.......
#......[.....##.
.....r.......#


You could see a gnoll.

Vanquished Creatures
  4 adders
  2 oozes
  A worm (D:3)
  3 dart slugs
  A leopard gecko (D:3)
  A ball python (D:2)
  5 bats
  3 giant cockroaches
  5 goblins
  8 hobgoblins
  3 jackals (D:1)
  4 kobolds
  A quokka (D:3)
  7 frilled lizards
  7 rats
55 creatures vanquished.

Notes
Turn   | Place    | Note
-------+----------+-------------------------------------------
     0 | D:1      | kae the Octopode Conjurer began the quest for the Orb.
     0 | D:1      | Reached XP level 1. HP: 11/11 MP: 3/3
   437 | D:1      | Reached XP level 2. HP: 13/18 MP: 0/5
   541 | D:1      | Learned a level 2 spell: Searing Ray
   968 | D:1      | Reached XP level 3. HP: 22/22 MP: 2/6
  1039 | D:1      | Learned a level 3 spell: Dazzling Flash
  1661 | D:2      | Reached skill level 1 in Fighting
  1935 | D:2      | Reached XP level 4. HP: 28/28 MP: 3/8
  2366 | D:2      | Found a burning altar of Makhleb.
  2901 | D:3      | Slain by a gnoll

Illustrated notes

Levels and vault maps discovered:
D:1:      giann_wishing_wells, layout_basic, amethyst_killhole,
          serial_bayou_pond_d
D:2:      layout_basic, lemuel_round_altar
D:3:      layout_rooms, old_standard_altar, makhleb_blood_cavern_becter

Skill      XL: |  1  2  3  4 |
---------------+-------------+-----
Fighting       | 1 |  1.5
Spellcasting   | 3 |  3.0
Dodging        | |  2.6
Stealth        | |  2.6
Conjurations   | |  4.7

Action                   |  1- 3 |  4- 6 || total
-------------------------+-------+-------++-------
Melee: Unarmed           |    29 |    39 ||    68
       Constrict         |     6 |    11 ||    17
       Tentacles         |     2 |     7 ||     9
 Cast: Magic Dart        |    52 |    25 ||    77
       Searing Ray       |     6 |     3 ||     9
  Use: Scroll            |       |     5 ||     5
Armor: Skin              |       |     6 ||     6
Dodge: Dodged            |    21 |    39 ||    60

Table legend: (Time is in decaauts)
 A = Elapsed time spent in this place.
 B = Non-inter-level travel time spent in this place.
 C = Inter-level travel time spent in this place.
 D = Time resting spent in this place.
 E = Time spent auto-exploring this place.
 F = Levels seen in this place.
 G = Mean time per level.
                   A        B        C        D        E       F      G
               +--------+--------+--------+--------+--------+-----+--------+
         Total |   2900 |   2849 |     51 |     58 |   2442 |   3 |  966.7 |
       Dungeon |   2900 |   2849 |     51 |     58 |   2442 |   3 |  966.7 |
               +--------+--------+--------+--------+--------+-----+--------+

Top non-repeatable levels by time:
     D:1: 1604 daAuts
     D:2: 1036 daAuts
     D:3: 259 daAuts
